 Dungeon Crawl Stone Soup version 0.18.1-48-g4cf74bf (webtiles) character file.

58 Metae the Ducker (level 3, -1/28 HPs)
             Began as a Demonspawn Gladiator on July 5, 2016.
             Slain by a hobgoblin
             ... wielding a +0 dagger
              (5 damage)
             ... on level 1 of the Dungeon.
             The game lasted 00:10:40 (1724 turns).

Metae the Ducker (Demonspawn Gladiator)             Turns: 1724, Time: 00:10:40

Health: -1/28      AC:  7    Str: 15    XL:     3   Next: 75%
Magic:  3/3        EV: 13    Int:  9    God:
Gold:   151        SH:  0    Dex: 14    Spells: 0 memorised, 2 levels left

rFire  . . .     SeeInvis .     m - +0 mace (crush)
rCold  . . .     Gourm    .     b - +0 leather armour
rNeg   . . .     Faith    .     (no shield)
rPois  .         Spirit   .     c - +0 helmet
rElec  .         Dismiss  .     q - +0 cloak
rCorr  .         Reflect  .     g - +0 pair of gloves
SustAt .         Harm     .     (no boots)
MR     .....                    (no amulet)
Stlth  +.........               (no ring)
                                (no ring)

@: not resistant to hostile enchantments, very unstealthy
A: icy blue scales 1
a: no special abilities


You were on level 1 of the Dungeon.
You were not hungry.

You visited 1 branch of the dungeon, and saw 2 of its levels.

You collected 151 gold pieces.

Inventory:

Hand Weapons
 a - a +0 quarterstaff
 m - a +0 mace of crushing (weapon)
Missiles
 d - 3 throwing nets (quivered)
 l - 14 poisoned needles
Armour
 b - a +0 leather armour (worn)
 c - a +0 helmet (worn)
 g - a +0 pair of gloves (worn)
 q - a +0 cloak (worn)
Magical Staves
 u - an uncursed staff of death
Scrolls
 e - a scroll of fear
 i - a scroll of identify
 j - 3 scrolls of teleportation
 k - a scroll of enchant armour {unknown}
 o - 2 scrolls of remove curse {unknown}
 p - a scroll of enchant weapon {unknown}
Potions
 s - a potion of flight {unknown}
Comestibles
 f - 3 bread rations
 h - 3 meat rations
 n - a slice of pizza
 t - a beef jerky


   Skills:
 * Level 2.5 Fighting
 * Level 2.9 Staves
 + Level 1.8 Throwing
 + Level 0.5 Armour
 * Level 3.7 Dodging


You had 2 spell levels left.
You didn't know any spells.

Dungeon Overview and Level Annotations

Branches:
Dungeon (2/15)

Altars:


Innate Abilities, Weirdness & Mutations

You are partially covered in icy blue scales (AC +1).


Message History

The goblin shouts!
The goblin completely misses you. The goblin closely misses you.
The goblin hits you but does no damage. The rat misses you.
The goblin barely misses you.
The hobgoblin hits you but does no damage.
The hobgoblin hits you with a dagger.
* * * LOW HITPOINT WARNING * * *
The hobgoblin misses you. The rat closely misses you.
There is a stone staircase leading up here.
You can't go down here!
The hobgoblin barely misses you. The rat bites you.
* * * LOW HITPOINT WARNING * * *
You climb upwards.
There is a stone staircase leading down here.
You barely miss the hobgoblin. The hobgoblin hits you with a dagger.
* * * LOW HITPOINT WARNING * * *
The rat bites you but does no damage. The hobgoblin hits you with a dagger.
You die...

#####.###.....##
#...#
#.##.......#
##.##
#.##.#####.# #.#
#.##.#####.# #.#
#.......##.##
#.#
####........#
#.#
#...###..###.#
#...# #......#
#..@###..#####
#..g>r...#
#........#
#.......##
#########


You could see a hobgoblin and a rat.

Vanquished Creatures
  An adder (D:2)
  A worm (D:2)
  2 dart slugs
  A giant gecko (D:1)
  4 bats
  2 giant cockroaches
  5 goblins
  5 hobgoblins
  5 jackals (D:1)
  4 kobolds
  A quokka (D:2)
  A ball python (D:1)
  2 giant newts (D:2)
  2 rats (D:1)
36 creatures vanquished.

Notes
Turn   | Place    | Note
--------------------------------------------------------------
     0 | D:1      | Metae the Demonspawn Gladiator began the quest for the Orb.
     0 | D:1      | Reached XP level 1. HP: 16/16 MP: 1/1
    41 | D:1      | Reached skill level 3 in Dodging
   111 | D:1      | Gained mutation: You are partially covered in icy blue scales (AC +1). [demonic ancestry]
   111 | D:1      | Reached XP level 2. HP: 20/22 MP: 2/2
   571 | D:1      | Reached XP level 3. HP: 25/28 MP: 3/3
   724 | D:2      | HP: 1/28 [worm (8)]
  1724 | D:1      | Slain by a hobgoblin

Skill      XL: |  1 |
---------------+----+-----
Dodging        | 3 |  3.7
Fighting       | |  2.5
Staves         | |  2.9
Throwing       | |  1.8
Armour         | |  0.5

Action                   || total
-------------------------++-------
Melee: Quarterstaff      ||    88
       Staff             ||    40
       Mace              ||     3
  Use: Scroll            ||     2
  Eat: Bread ration      ||     1
Armor: Leather armour    ||    40
Dodge: Dodged            ||    87
